 Dungeon Crawl Stone Soup version 0.30-a0-358-g0d69a1922f (webtiles) character file.

Game seed: 17614876133093722659

35 Muataran the Ruffian (level 3, -2/36 HPs)
             Began as a Troll Monk on Nov 9, 2022.
             Slain by a gnoll
             ... wielding a +0 halberd
              (9 damage)
             ... on level 3 of the Dungeon.
             The game lasted 00:01:44 (461 turns).

Muataran the Ruffian (Troll Monk)                    Turns: 461, Time: 00:01:45

Health: -2/36      AC:  4    Str: 19    XL:     3   Next: 17%
Magic:  2/2        EV: 10    Int:  8    God:
Gold:   47         SH:  0    Dex: 12    Spells: 2/2 levels left

rFire   . . .      SeeInvis .      - Unarmed
rCold   . . .      Faith    .    (no shield)
rNeg    . . .      Spirit   .    a - +0 robe
rPois   .          Reflect  .    (helmet restricted)
rElec   .          Harm     .    (no cloak)
rCorr   .          Rampage  .    (gloves unavailable)
Will    +....                    (boots unavailable)
Stlth   +.........               (no amulet)
HPRegen 1.06/turn                e - ring of willpower
MPRegen 0.08/turn                (no ring)

@: confused, ambrosia-drunk
A: large, unfitting armour, claws 3, regeneration 1, shaggy fur 1, tough skin 1
a: no special abilities


You were on level 3 of the Dungeon.
You visited 1 branch of the dungeon, and saw 3 of its levels.

You collected 47 gold pieces.

Inventory:

Armour
 a - a +0 robe (worn)
Jewellery
 e - a ring of willpower (left claw)
Potions
 c - a potion of haste {unknown}


   Skills:
 + Level 2.8 Fighting
 - Level 2.4 Dodging
 - Level 1.0 Stealth
 * Level 4.0 Unarmed Combat


You had 2 spell levels left.
You didn't know any spells.
Your spell library was empty.

Dungeon Overview and Level Annotations

Branches:
Dungeon (3/15)

Altars:


Innate Abilities, Weirdness & Mutations

You are too large for most types of armour.
You have claws for hands.
Your natural rate of healing is unusually fast.
You are covered in fur. (AC +1)
You have tough skin. (AC +1)


Message History

You scratch the gnoll.
The gnoll is lightly wounded.
The gnoll barely misses you. The gnoll hits you but does no damage.
You closely miss the gnoll.
The gnoll is lightly wounded.
The gnoll closely misses you. The gnoll hits you with a +0 spear.
You scratch the gnoll. You claw the gnoll.
You kill the gnoll!
The gnoll misses you.
Your Unarmed Combat skill increases to level 4!
You have reached level 3!
Your experience leads to an increase in your attributes!
Increase (S)trength, (I)ntelligence, or (D)exterity?
You feel clever. x2; You feel stronger. The gnoll barely misses you.
Things that are here:
a +0 spear; a gnoll corpse You scratch the gnoll but do no damage.
The gnoll hits you with a +0 halberd!
You barely miss the gnoll. The gnoll hits you with a +0 halberd!
You scratch the gnoll.
The gnoll is lightly wounded.
The gnoll completely misses you.
You closely miss the gnoll.
The gnoll is lightly wounded.
The gnoll closely misses you.
You closely miss the gnoll.
The gnoll is lightly wounded.
The gnoll shouts!
You barely miss the gnoll.
The gnoll is lightly wounded.
The gnoll hits you with a +0 halberd.
The gnoll hits you from afar with a +0 halberd!
* * * LOW HITPOINT WARNING * * *
Unknown command.
The gnoll hits you from afar with a +0 halberd.
* * * LOW HITPOINT WARNING * * *
You are confused.
You feel invigorated.
The gnoll hits you from afar with a +0 halberd!
You die...

#.# #.# #.######.##
#.........### ###
#............
##.####.........##.
#.gg..g.g##.##..##.
##g####†.##.##..##.
#)# #..###...###g
#@## ##.# ###.# #$
#..# #.#####.###.
##.# #...........
#.# #.##.######.
#.# #.##.# #. #.#
#.##.# #. #.#
.....# #. #.#
..#..# ... .....##


You could see 3 gnolls.

Vanquished Creatures
  An adder (D:3)
  A gnoll (D:3)
  A worm (D:2)
  A ball python (D:2)
  2 endoplasms (D:2)
  4 hobgoblins (D:2)
  A quokka (D:2)
  A bat (D:3)
  A kobold (D:2)
  2 rats
15 creatures vanquished.

Vanquished Creatures (others)
  A fungus (D:1)
  A plant (D:1)
2 creatures vanquished.

Grand Total: 17 creatures vanquished

Notes
Turn   | Place    | Note
-------+----------+-------------------------------------------
     0 | D:1      | Muataran the Troll Monk began the quest for the Orb.
     0 | D:1      | Reached XP level 1. HP: 22/22 MP: 0/0
   165 | D:1      | You fall into a shaft and drop 1 floor!
   326 | D:2      | Reached XP level 2. HP: 29/29 MP: 1/1
   453 | D:3      | Reached skill level 4 in Unarmed Combat
   453 | D:3      | Reached XP level 3. HP: 32/36 MP: 2/2
   461 | D:3      | Slain by a gnoll

Illustrated notes

Levels and vault maps discovered:
D:1:      wander_arrival_fairy_ring, layout_loops_cross,
          dreamdust_ecumenical_altar_sealed_demon
D:2:      layout_basic, serial_curves, eino_curves_04, eino_curves_02
D:3:      layout_loops_ring, mainiacjoe_overflow_two_lobes

Skill      XL: |  1  2 |
---------------+-------+-----
Unarmed Combat | 4 |  4.0
Fighting       | |  2.8
Dodging        | |  2.4
Stealth        | |  1.0

Action                   || total
-------------------------++-------
Melee: Unarmed           ||    45
       Punch             ||     3
  Use: Scroll            ||     2
       Potion            ||     1
 Stab: Sleeping          ||     2
Armor: Robe              ||     7
Dodge: Dodged            ||    19

Table legend: (Time is in decaauts)
 A = Elapsed time spent in this place.
 B = Non-inter-level travel time spent in this place.
 C = Inter-level travel time spent in this place.
 D = Time resting spent in this place.
 E = Time spent auto-exploring this place.
 F = Levels seen in this place.
 G = Mean time per level.
                   A        B        C        D        E       F      G
               +--------+--------+--------+--------+--------+-----+--------+
         Total |    456 |    444 |     12 |    100 |    134 |   3 |  152.0 |
       Dungeon |    456 |    444 |     12 |    100 |    134 |   3 |  152.0 |
               +--------+--------+--------+--------+--------+-----+--------+

Top non-repeatable levels by time:
     D:2: 201 daAuts
     D:1: 164 daAuts
     D:3: 90 daAuts
